 Dungeon Crawl Stone Soup version 0.24.0-13-gcf9b3192b9 (webtiles) character file.

Game seed: 9350142176035231604, levelgen mode: deterministic

1164 Matador8 the Vexing (level 8, 0/41 HPs)
             Began as a Vampire Enchanter on Nov 5, 2019.
             Was an Initiate of Ru.
             Shot with an arrow by a centaur (15 damage)
             ... on level 5 of the Dungeon.
             The game lasted 00:29:12 (5366 turns).

Matador8 the Vexing (Vampire Enchanter)             Turns: 5366, Time: 00:29:12

Health: 0/41       AC:  4    Str:  8    XL:     8   Next: 17%
Magic:  2/14       EV: 13    Int: 18    God:    Ru [......]
Gold:   178        SH:  0    Dex: 15    Spells: 3/15 levels left

rFire    . . .     SeeInvis +   a - +1 dagger
rCold    + + .     Gourm    .   (no shield)
rNeg     + + +     Faith    .   b - +0 robe
rPois    ∞         Spirit   .   q - +0 helmet
rElec    .         Reflect  .   o - +0 cloak
rCorr    .         Harm     .   (no gloves)
MR       .....                  (no boots)
Stlth    +++++.....             (no amulet)
HPRegen  0.00/turn              (no ring)
MPRegen  0.14/turn              (no ring)

@: bloodless, regenerating quickly
A: no food, fangs 3, see invisible, unbreathing
a: Bat Form, Revivify, Renounce Religion


You were on level 5 of the Dungeon.
You worshipped Ru.
Ru was noncommittal.
You were bloodless.

You visited 2 branches of the dungeon, and saw 6 of its levels.

You collected 178 gold pieces.

Inventory:

Hand Weapons
 a - a +1 dagger (weapon)
 v - a cursed -3 long sword
 x - a +1 dagger of speed
 y - a +1 falchion of holy wrath
Armour
 b - a +0 robe (worn)
 d - a +0 buckler
 k - a +0 ring mail
 o - a +0 cloak (worn)
 q - a +0 helmet (worn)
Jewellery
 w - an uncursed ring of magical power {unknown}
Scrolls
 f - a scroll of amnesia {unknown}
 h - 2 scrolls of magic mapping
 i - 2 scrolls of random uselessness {unknown}
 j - 2 scrolls of enchant weapon {unknown}
 n - 3 scrolls of remove curse {unknown}
 p - 2 scrolls of fear {unknown}
 s - a scroll of enchant armour {unknown}
Potions
 c - a potion of degeneration {unknown}
 e - a potion of ambrosia {unknown}
 g - 3 potions of curing
 l - 2 potions of resistance {unknown}
 m - 3 potions of mutation
 r - a potion of brilliance {unknown}
 t - a potion of might {unknown}
 u - a potion of invisibility {unknown}
 z - a potion of agility
 A - a potion of magic {unknown}


   Skills:
 * Level 6.6 Short Blades
 - Level 2.1 Dodging
 - Level 4.7 Stealth
 - Level 4.4 Spellcasting
 - Level 3.0 Conjurations
 + Level 7.5 Hexes


You had 3 spell levels left.
You knew the following spells:

 Your Spells              Type           Power        Failure   Level  Hunger
a - Corona                Hex            ####...      1%          1    N/A
b - Confuse               Hex            ####....     1%          3    N/A
c - Tukima's Dance        Hex            ####....     1%          3    N/A
d - Dazzling Spray        Conj/Hex       ###...       4%          3    N/A
e - Ensorcelled Hibernat  Hex/Ice        ###...       4%          2    N/A

Your spell library contained the following spells:

 Spells                   Type           Power        Failure   Level  Hunger


Dungeon Overview and Level Annotations

Branches:
Dungeon (5/15)             Temple (1/1) D:4

Altars:
Ashenzari
Cheibriados
Elyvilon
Fedhas
Hepliaklqana
Kikubaaqudgha
Makhleb
Okawaru
Ru
Sif Muna
Trog
Uskayaw
Vehumet
Wu Jian
Yredelemnul
The Shining One

Shops:
D:4 *

Annotations:
D:3 1 runed translucent door, spidu's ghost, amateur DrCj


Innate Abilities, Weirdness & Mutations

You do not eat.
You do not regenerate when monsters are visible.
You are frail without blood (-20% HP).
You can heal yourself when you bite living creatures.
You are immune to poison.
You have razor-sharp teeth.
You have supernaturally acute eyesight. (SInv)
You can survive without breathing.


Message History

The centaur shoots an arrow.
The arrow hits you!
A jackal comes into view.
The centaur shoots an arrow.
The arrow barely misses you.
Casting: Confuse (safe; 1% risk of failure)
Confirm with . or Enter, or press ? or * to list all spells.
Aiming: Confuse (safe; 1% risk of failure)
Press: ? - help, Shift-Dir - straight line, f/p - centaur
Aim: a centaur, wielding a +0 shortbow (chance to defeat MR: 60%)
The centaur resists with significant effort.
The centaur shoots an arrow.
The arrow barely misses you.
You hear a bark!
A jackal comes into view.
The jackal bites you but does no damage.
The centaur unwields a +0 shortbow.
The centaur hits you.
A jackal comes into view.
The jackal bites you but does no damage.
The centaur hits you.
The centaur wields a +0 shortbow.
The centaur shoots an arrow.
The arrow hits you!
You die...

#### ##..# #....
#...##### ####
##########..##$.##...##
#.##....##..(@..(.....##
#.......##..##.hh..h...#
#.....<.##..##.c.........
#......................##
#...........##..###.h.##
#...........#######....#
#.......†..(.#.........#
#............'..........
#............#........#.


You could see a centaur and 4 jackals.

Vanquished Creatures
  A dancing weapon (D:4)
  Sigmund (D:2)
  A sky beast (D:5)
  A phantom (D:4)
  A centaur (D:5)
  A bullfrog (D:4)
  2 crimson imps
  A bullfrog zombie (D:5)
  A centaur zombie (D:5)
  A hound (D:5)
  A jelly (D:5)
  Crazy Yiuf (D:4)
  3 iguanas
  2 orc wizards (D:4)
  A worker ant (D:4)
  A worker ant zombie (D:5)
  3 gnolls
  6 adders
  An ooze (D:3)
  An adder skeleton (D:4)
  3 worms
  3 dart slugs
  6 leopard geckos
  8 orcs
  3 ball pythons
  3 giant cockroaches
  4 hobgoblins
  7 jackals
  4 kobolds
  2 quokkas
  10 bats
  5 frilled lizards
  13 goblins
  A leopard gecko skeleton (D:5)
  13 rats
116 creatures vanquished.

Vanquished Creatures (collateral kills)
  An ogre (D:4)
  An orc priest (D:5)
  6 orcs
8 creatures vanquished.

Vanquished Creatures (others)
  A dancing weapon (D:5)
1 creature vanquished.

Grand Total: 125 creatures vanquished

Notes
Turn   | Place    | Note
-------+----------+-------------------------------------------
     0 | D:1      | Matador8 the Vampire Enchanter began the quest for the Orb.
     0 | D:1      | Reached XP level 1. HP: 13/13 MP: 3/3
   111 | D:1      | Reached XP level 2. HP: 8/19 MP: 1/5
   435 | D:1      | You fall into a shaft and drop 1 floor!
   567 | D:2      | Reached skill level 5 in Hexes
   567 | D:2      | Reached XP level 3. HP: 7/24 MP: 4/6
   804 | D:1      | Learned a level 3 spell: Confuse
  1385 | D:2      | Noticed Sigmund
  1390 | D:2      | Killed Sigmund
  1390 | D:2      | Reached XP level 4. HP: 24/24 MP: 7/10
  1390 | D:2      | Reached XP level 5. HP: 28/28 MP: 7/11
  1685 | D:2      | Found a faded altar of an unknown god.
  2237 | D:3      | Learned a level 3 spell: Tukima's Dance
  2241 | D:3      | Learned a level 3 spell: Dazzling Spray
  2251 | D:3      | Reached XP level 6. HP: 32/32 MP: 12/12
  2526 | D:3      | Found a runed translucent door.
  2547 | D:3      | Noticed spidu's ghost (amateur DrCj)
  2602 | D:3      | Reached skill level 1 in Conjurations
  3186 | D:4      | Reached XP level 7. HP: 36/36 MP: 9/13
  3192 | D:4      | Found a hide-covered altar of Uskayaw.
  3199 | D:4      | Found Ribononn's Lightly-Used Armoury.
  3320 | D:4      | Found a staircase to the Ecumenical Temple.
  3344 | Temple   | Entered the Ecumenical Temple
  3383 | Temple   | Became a worshipper of Ru the Awakened
  3763 | D:4      | Found a runed translucent door.
  3764 | D:4      | Noticed Crazy Yiuf
  4222 | D:4      | Killed Crazy Yiuf
  4266 | D:5      | Entered Level 5 of the Dungeon
  4324 | D:4      | Reached skill level 6 in Hexes
  4685 | D:5      | Reached skill level 5 in Short Blades
  4899 | D:5      | Learned a level 2 spell: Ensorcelled Hibernation
  4900 | D:5      | Found a burning altar of Makhleb.
  4901 | D:5      | Found a snail-covered altar of Cheibriados.
  4902 | D:5      | Found a blossoming altar of Fedhas.
  4919 | D:5      | Reached skill level 7 in Hexes
  4994 | D:5      | Reached XP level 8. HP: 41/41 MP: 10/14
  5366 | D:5      | Shot with an arrow by a centaur

Levels and vault maps discovered:
D:1:      saegor_arrival_simple_c, layout_loops_cross, st_stairs_5,
          chequers_arboretum
D:2:      minmay_skewed_foursquare, layout_basic,
          chequers_ecumenical_altar_simple_redux, uniq_sigmund
D:3:      layout_basic, ebering_ghost_sewer_d
D:4:      layout_loops_cross, kennysheep_mini_moat,
          minmay_temple_entry_nine_rooms, first_ration, columned_hall_lemuel,
          minmay_shop_damaged, minmay_misc_feat_four_crosses,
          uniq_crazy_yiuf_cottage
D:5:      layout_gridville, kennysheep_mini, xom_redecorated,
          chequers_temple_overflow_statue_of_worship, minmay_checkerbox
Temple:   nicolae_temple_no_exploring_needed

Skill      XL: |  1  2  3  4  5  6  7 |
---------------+----------------------+-----
Short Blades   | 2 3 6 |  6.6
Hexes          | 5 7 |  7.5
Spellcasting   | 4 |  4.4
Conjurations   | 3 |  3.0
Dodging        | |  2.1
Stealth        | |  4.7

Action                   |  1- 3 |  4- 6 |  7- 9 || total
-------------------------+-------+-------+-------++-------
Melee: Dagger            |   133 |   165 |   132 ||   430
       Bite              |     9 |    10 |     9 ||    28
 Cast: Corona            |    33 |    12 |     2 ||    47
       Confuse           |       |    17 |    27 ||    44
       Tukima's Dance    |       |     4 |     9 ||    13
 Abil: Exsanguinate      |     1 |       |       ||     1
  Use: Scroll            |       |       |     3 ||     3
 Stab: Sleeping          |     7 |    14 |     8 ||    29
       Confused          |       |    10 |    13 ||    23
       Distracted        |       |     2 |     1 ||     3
Armor: Robe              |    24 |    31 |    19 ||    74
Dodge: Dodged            |   105 |    77 |    86 ||   268
